 Dungeon Crawl Stone Soup version 0.25-a0-317-g5f8687bca5 (webtiles) character file.

Game seed: 11625871093630558864, levelgen mode: deterministic

2338 ApocalypseTheory the Archer (level 9, -6/66 (67) HPs)
             Began as a Centaur Hunter on Dec 25, 2019.
             Was an Initiate of Okawaru.
             Mangled by an orc warrior
             ... wielding a +0 hand axe
              (8 damage)
             ... on level 8 of the Dungeon.
             The game lasted 00:25:19 (7316 turns).

ApocalypseTheory the Archer (Centaur Hunter)        Turns: 7316, Time: 00:25:20

HP:   -6/66 (67)    AC: 10    Str: 22    XL:     9   Next: 19%
MP:   9/9           EV:  6    Int: 10    God:    Okawaru [......]
Gold: 307           SH:  0    Dex: 11    Spells: 8/8 levels left

rFire    + + .     SeeInvis .   v - +0 war axe
rCold    . . .     Gourm    .   (no shield)
rNeg     . . .     Faith    .   t - +2 chain mail {rF+}
rPois    .         Spirit   .   (no helmet)
rElec    .         Reflect  .   A - +0 cloak
rCorr    .         Harm     .   (no gloves)
MR       .....                  (no barding)
Stlth    ..........             (no amulet)
HPRegen  0.21/turn              g - ring of protection from fire
MPRegen  0.11/turn              (no ring)

@: mighty, very quick
A: large, hooves 3, deformed body, speed 2, tough skin 3
a: Renounce Religion


You were on level 8 of the Dungeon.
You worshipped Okawaru.
Okawaru was noncommittal.
You were not hungry.

You visited 2 branches of the dungeon, and saw 9 of its levels.

You collected 307 gold pieces.

Inventory:

Hand Weapons
 a - a +2 shortbow
 b - a +0 short sword
 v - a +0 war axe (weapon)
Missiles
 d - 26 arrows
 j - 67 bolts
Armour
 c - a +1 leather armour
 t - a +2 chain mail of fire resistance (worn)
 A - a +0 cloak (worn)
Jewellery
 g - a ring of protection from fire (left hand)
 l - an uncursed amulet of harm
 s - an uncursed ring of ice
Wands
 B - a wand of enslavement (4)
Scrolls
 i - 2 scrolls of teleportation
 n - a scroll of noise
 p - 2 scrolls of remove curse
 u - a scroll of enchant armour
 x - 2 scrolls of magic mapping
 y - 3 scrolls of identify
Potions
 e - 2 potions of brilliance
 h - a potion of cancellation
 k - 2 potions of might
 m - 2 potions of invisibility
 o - a potion of ambrosia {unknown}
 q - a potion of agility {unknown}
 r - a potion of heal wounds {unknown}
 w - a potion of flight {unknown}
 z - a potion of magic {unknown}
Comestibles
 f - 11 rations


   Skills:
 - Level 2.0 Fighting
 + Level 5.5 Axes
 + Level 14.1 Bows
 - Level 1.3 Dodging
 - Level 0.4 Stealth


You had 8 spell levels left.
You didn't know any spells.
Your spell library contained the following spells:

 Spells                   Type           Power        Failure   Level  Hunger
 Beastly Appendage        Tmut           #.....       98%         1    ##.....
 Sticks to Snakes         Tmut           #.......     99%         2    ###....
 Spider Form              Tmut/Pois      #.........   100%        3    ####...
 Ice Form                 Ice/Tmut       #.......     100%        4    #####..
 Blade Hands              Tmut           #.........   100%        5    ######.


Dungeon Overview and Level Annotations

Branches:
Dungeon (8/15)             Temple (1/1) D:7
   Lair: D:8-11

Altars:
Ashenzari
Cheibriados
Dithmenos
Elyvilon
Gozag
Hepliaklqana
Kikubaaqudgha
Makhleb
Nemelex Xobeh
Okawaru
Qazlal
Ru
Sif Muna
Trog
Uskayaw
Vehumet
Wu Jian
Zin
The Shining One

Annotations:
D:4 Menkaure


Innate Abilities, Weirdness & Mutations

You have hooves in place of feet.
Armour fits poorly on your strangely shaped body.
You cover ground very quickly.
You have extremely tough skin. (AC +3)


Message History

The orc warrior is severely wounded.
You barely miss the orc. The orc hits you but does no damage.
The crimson imp blinks!
The orc warrior hits you with a +0 hand axe.
The orc hits you but does no damage.
You hit the orc warrior.
The orc warrior is almost dead.
You hit the orc.
You kill the orc!
Okawaru accepts your kill.
The orc warrior hits you with a +0 hand axe!
* * * LOW HITPOINT WARNING * * *
The orc hits you with a +0 war axe.
* * * LOW HITPOINT WARNING * * *
It was a potion of cancellation.
You feel magically purged.
The orc warrior hits you with a +0 hand axe.
* * * LOW HITPOINT WARNING * * *
You feel very mighty all of a sudden.
The orc warrior hits you with a +0 hand axe!
You die...

#...........#
+<....#####.#
#......# ##
#......####......
....................
#.#...#.#.###........
#.#.#...#..##........
# #.#.####.##........
#.#.# #.@#.#..... #
##o#....... #o)...#
######)...#
#.........#
#.####.#..# #....#
##...# #...#


You could see an orc warrior and an orc.

Vanquished Creatures
  Grinder (D:4)
  A hippogriff (D:7)
  An orc warrior (D:6)
  A necrophage (D:5)
  A phantom (D:5)
  2 ogres (D:4)
  2 centaurs
  2 bullfrogs (D:7)
  A gnoll sergeant (D:7)
  A scorpion (D:7)
  3 wights
  A howler monkey (D:5)
  2 crimson imps
  2 bullfrog zombies
  2 jellies
  2 hounds (D:4)
  2 bullfrog skeletons
  3 orc priests
  An orc wizard (D:4)
  Natasha (thrice) (D:3)
  2 iguanas
  5 worker ants
  A worker ant zombie (D:5)
  9 adders
  4 gnolls (D:7)
  A howler monkey skeleton (D:5)
  2 oozes (D:2)
  A dart slug (D:1)
  8 leopard geckos
  17 orcs
  7 giant cockroaches
  10 goblins
  11 hobgoblins
  22 jackals
  5 kobolds
  3 quokkas
  2 ball pythons
  8 bats
  8 frilled lizards
  A leopard gecko skeleton (D:6)
  A quokka skeleton (D:4)
  A quokka zombie (D:7)
  8 rats
171 creatures vanquished.

Notes
Turn   | Place    | Note
-------+----------+-------------------------------------------
     0 | D:1      | ApocalypseTheory the Centaur Hunter began the quest for the
                  | Orb.
     0 | D:1      | Reached XP level 1. HP: 17/17 MP: 1/1
    93 | D:1      | Reached skill level 6 in Bows
    93 | D:1      | Reached XP level 2. HP: 24/24 MP: 2/2
   568 | D:1      | Reached XP level 3. HP: 29/29 MP: 3/3
   796 | D:2      | Reached skill level 7 in Bows
   898 | D:2      | Reached XP level 4. HP: 36/36 MP: 4/4
   952 | D:2      | Found a radiant altar of Vehumet.
  1315 | D:3      | Reached skill level 8 in Bows
  1321 | D:3      | Noticed Natasha
  1569 | D:3      | Killed Natasha
  1569 | D:3      | Reached XP level 5. HP: 21/41 MP: 5/5
  1594 | D:3      | Noticed Natasha
  1598 | D:3      | Killed Natasha
  1722 | D:3      | Noticed Natasha
  1727 | D:3      | Killed Natasha
  1727 | D:3      | Reached skill level 9 in Bows
  1951 | D:3      | Found a glowing silver altar of Zin.
  2145 | D:4      | Noticed an ogre
  2165 | D:4      | Killed an ogre
  2165 | D:4      | Reached XP level 6. HP: 48/48 MP: 6/6
  2229 | D:4      | Reached skill level 10 in Bows
  2315 | D:4      | Noticed Grinder
  2329 | D:4      | Killed Grinder
  2329 | D:4      | Reached skill level 11 in Bows
  2329 | D:4      | Reached XP level 7. HP: 55/55 MP: 7/7
  2900 | D:4      | Noticed Menkaure
  3029 | D:4      | Reached skill level 12 in Bows
  3519 | D:5      | Entered Level 5 of the Dungeon
  3675 | D:5      | Reached skill level 1 in Axes
  3798 | D:5      | Reached XP level 8. HP: 56/60 MP: 8/8
  3890 | D:5      | Found a hazy altar of Hepliaklqana.
  4172 | D:6      | Found a shattered altar of Ashenzari.
  4587 | D:6      | Reached skill level 13 in Bows
  4895 | D:6      | Found a stormy altar of Qazlal.
  5785 | D:7      | Noticed a hippogriff
  5795 | D:7      | Killed a hippogriff
  5823 | D:7      | Found a sacrificial altar of Ru.
  5852 | D:7      | Reached skill level 5 in Axes
  5852 | D:7      | Reached XP level 9. HP: 58/66 MP: 9/9
  5906 | D:7      | Found a staircase to the Ecumenical Temple.
  5915 | Temple   | Entered the Ecumenical Temple
  6526 | Temple   | Became a worshipper of Warmaster Okawaru
  6739 | D:7      | Reached skill level 14 in Bows
  7313 | D:8      | HP: 1/66 [orc warrior/+0 hand axe (3)]
  7316 | D:8      | Mangled by an orc warrior

Levels and vault maps discovered:
D:1:      minmay_arrival_diagonal_passages, layout_rooms, minmay_tripent
D:2:      layout_rooms, lemuel_round_altar, hex_intersection
D:3:      cheibrodos_old_hovel, layout_rooms, old_standard_altar,
          dk_noncrumbling_4, uniq_natasha
D:4:      black_bear_nest_2, layout_basic, first_ration, st_stairs_12,
          kennysheep_minor_cross, uniq_grinder, uniq_menkaure
D:5:      layout_cave_pools, old_standard_altar, minivault_11
D:6:      layout_loops_corners, cheibrodos_ashenzari_chains, kennysheep_mini
D:7:      layout_loops_ring, lemuel_round_altar, minmay_temple_entry_nine_rooms,
          kennysheep_generic_room_3
D:8:      layout_basic, nicolae_overflow_hidden_temple, serial_shops, shop,
          uniq_gastronok, uniq_erica, uniq_psyche
Temple:   oiseaux_autumnal_temple

Skill      XL: |  1  2  3  4  5  6  7  8  9 |
---------------+----------------------------+-----
Bows           | 6 7 8 9 11 12 13 14 | 14.1
Axes           | 1 5 |  5.5
Fighting       | |  2.0
Dodging        | |  1.3
Stealth        | |  0.4

Action                   |  1- 3 |  4- 6 |  7- 9 || total
-------------------------+-------+-------+-------++-------
Melee: War axe           |       |       |   218 ||   218
       Kick              |       |       |    49 ||    49
 Fire: Shortbow          |   120 |   180 |   148 ||   448
  Use: Scroll            |     2 |     8 |     5 ||    15
       Potion            |       |       |     2 ||     2
  Eat: Chunk             |       |     2 |    10 ||    12
       Ration            |       |       |     1 ||     1
Armor: Leather armour    |    10 |    23 |    10 ||    43
       Chain mail        |       |       |   194 ||   194
Dodge: Dodged            |    14 |    22 |    71 ||   107

Table legend:
 A = Non-vault XP
 B = Vault XP
 C = Vault XP percentage of total XP
 D = Non-vault monster count
 E = Vault monster count
 F = Vault count percentage of total count
                 A         B        C        D         E       F
            +---------+---------+-------+---------+---------+-------
      Total |    3000 |     341 |  10.2 |     165 |       6 |   3.5
            +---------+---------+-------+---------+---------+-------
        D:1 |      50 |       3 |   5.7 |      29 |       2 |   6.5
        D:2 |     100 |       0 |   0.0 |      29 |       0 |   0.0
        D:3 |     150 |      37 |  19.8 |      20 |       2 |   9.1
        D:4 |     519 |     301 |  36.7 |      21 |       2 |   8.7
        D:5 |     524 |       0 |   0.0 |      16 |       0 |   0.0
        D:6 |     539 |       0 |   0.0 |      22 |       0 |   0.0
        D:7 |    1106 |       0 |   0.0 |      24 |       0 |   0.0
        D:8 |      12 |       0 |   0.0 |       4 |       0 |   0.0
            +---------+---------+-------+---------+---------+-------
